 Dungeon Crawl Stone Soup version 0.29.1-1-gd02db69 (webtiles) character file.

Game seed: 6968805722177733943

634 Timinator the Insei (level 7, -2/84 HPs)
             Began as a Demigod Transmuter on Dec 19, 2022.
             Succumbed to a water moccasin's poison
             ... on level 5 of the Dungeon.
             The game lasted 00:16:41 (4524 turns).

Timinator the Insei (Demigod Transmuter)            Turns: 4524, Time: 00:16:42

Health: -2/84      AC: 23    Str: 15    XL:     7   Next: 4%
Magic:  22/22      EV:  2    Int: 15    God:
Gold:   653        SH:  0    Dex: 20    Spells: 7/10 levels left

rFire   + . .      SeeInvis .     - Unarmed
rCold   . . .      Faith    .   (no shield)
rNeg    . . .      Spirit   .   (body armour currently unavailable)
rPois   +          Reflect  .   (helmet currently unavailable)
rElec   .          Harm     .   (cloak currently unavailable)
rCorr   +          Rampage  .   (gloves currently unavailable)
Will    .....      NoTele   +   (boots currently unavailable)
Stlth   +++.......              x - amulet of the acrobat
HPRegen 0.24/turn               w - ring "Datajaet" {rF+ Dex+5}
MPRegen 0.18/turn               d - ring "Reuwuust" {+Blink rCorr MP+9 Dex-3 Stlth+}

@: lethally poisoned (-2 -> -19), tree-form
A: stationary, stasis, torment immunity, boosted hp, high MP 1, forlorn, divine
attributes
a: Evoke Blink


You were on level 5 of the Dungeon.
You were a tree.
You visited 1 branch of the dungeon, and saw 5 of its levels.
You also visited: Sewer.

You collected 653 gold pieces.

Inventory:

Missiles
 z - 2 javelins
Armour
 a - a +0 troll leather armour (melded)
 e - a +2 helmet (melded)
 q - a +0 ring mail
Jewellery
 d - the ring "Reuwuust" (right branch) {+Blink rCorr MP+9 Dex-3 Stlth+}
   (You acquired it on level 4 of the Dungeon)

   [ring of magical power]

   Dex:       It affects your dexterity (-3).
   MP:        It affects your magic capacity (+9).
   +Blink:    It lets you blink.
   rCorr:     It protects you from acid and corrosion.
   Stlth:     It makes you more stealthy.
 w - the ring "Datajaet" (left branch) {rF+ Dex+5}
   (You acquired it on level 4 of the Dungeon)

   [ring of protection from fire]

   Dex:       It affects your dexterity (+5).
   rF:        It protects you from fire.
 x - an amulet of the acrobat (around neck)
Scrolls
 c - 2 scrolls of blinking
 f - a scroll of immolation {unknown}
 h - 2 scrolls of noise {unknown}
 i - a scroll of summoning {unknown}
 j - a scroll of identify {unknown}
 n - 2 scrolls of enchant armour {unknown}
 o - 3 scrolls of magic mapping {unknown}
 u - a scroll of brand weapon {unknown}
 v - a scroll of poison {unknown}
 y - a scroll of amnesia {unknown}
Potions
 b - a potion of invisibility {unknown}
 g - 2 potions of flight {unknown}
 k - a potion of mutation {unknown}
 l - a potion of cancellation {unknown}
 m - 2 potions of curing {unknown}
 p - 2 potions of degeneration {unknown}
 r - a potion of might {unknown}
 s - a potion of haste {unknown}


   Skills:
 * Level 2.6 Fighting
 - Level 2.0 Armour
 * Level 3.4 Dodging
 - Level 0.3 Stealth
 + Level 5.1 Unarmed Combat
 + Level 2.2 Spellcasting
 * Level 3.2 Transmutations


You had 7 spell levels left.
You knew the following spells:

 Your Spells              Type           Power      Damage    Failure   Level
a - Wereblood             Tmut           11%        N/A       9%          2
b - Beastly Appendage     Tmut           22%        N/A       6%          1

Your spell library contained the following spells:

 Spells                   Type           Power      Damage    Failure   Level
 Static Discharge         Conj/Air       1%         3-4/arc   32%         2
 Spider Form              Tmut/Pois      6%         N/A       32%         3
 Gell's Gravitas          Tloc           1%         N/A       54%         3
 Teleport Other           Tloc           1%         N/A       54%         3
 Ice Form                 Ice/Tmut       6%         N/A       73%         4
 Dispel Undead            Necr           1%         3d6       91%         4
 Sticky Flame             Conj/Fire      1%         2d3       91%         4
 Summon Lightning Spire   Summ/Air       1%         N/A       91%         4
 Dispersal                Tloc           0%         N/A       100%        6
 Storm Form               Tmut/Air       3%         N/A       100%        7
 Maxwell's Capacitive Co  Air            0%         ∞         100%        8


Dungeon Overview and Level Annotations

Branches:
Dungeon (5/15)              Sewer (visited)
 Temple: D:4-7


Innate Abilities, Weirdness & Mutations

You are a tree.
Your roots penetrate the ground, keeping you stationary.
You cannot be teleported.
You are immune to unholy pain and torment.
Your maximum health is greatly increased.
Your equipment is partially melded.
You have an increased reservoir of magic. (+10% MP)
You shall have no god before yourself.
Your divine heritage dramatically boosts your attributes as you level up.


Message History

You feel very sick. The water moccasin closely misses you.
You hit the water moccasin.
The water moccasin is severely wounded.
You feel very sick. The water moccasin bites you.
You barely miss the water moccasin.
The water moccasin is severely wounded.
You feel sick. The water moccasin bites you. x2
You closely miss the water moccasin. Your punch misses the water moccasin.
The water moccasin is severely wounded.
You feel sick. The water moccasin bites you.
* * * LOW HITPOINT WARNING * * *
You are more poisoned.
The water moccasin poisons you!
You closely miss the water moccasin.
The water moccasin is severely wounded.
You feel very sick. The water moccasin bites you.
* * * LOW HITPOINT WARNING * * *
You are lethally poisoned!
The water moccasin poisons you!
Really quaff the potion of lignification?
Uppercase [Y]es or [N]o only, please.
Really quaff the potion of lignification?
You turn into a tree.
Your +2 helmet melds into your body.
Your +0 troll leather armour melds into your body.
Your roots penetrate the ground.
* * * LOW HITPOINT WARNING * * *
You feel very sick.
The water moccasin bites you but does no damage. x2
You hit the water moccasin.
The water moccasin is severely wounded.
* * * LOW HITPOINT WARNING * * *
You feel very sick. The water moccasin bites you.
* * * LOW HITPOINT WARNING * * *
You barely miss the water moccasin.
The water moccasin is severely wounded.
You die...

###### ######
#....# ###....#
#....# #......#
#....#
#.#.#.#..####[...#
...........>....+
###....###.....#
+....+.......#
#...♣##..#####
#...S##..#
........##..#
........##..#
#........##..#
#........##..#
#........##).#
....######..#
#..########


You could see a water moccasin.

Vanquished Creatures
  An ogre (D:4)
  A phantom (D:4)
  A scorpion (D:5)
  4 jellies (Sewer)
  A hound (D:4)
  2 iguanas (D:4)
  2 river rats (Sewer)
  9 adders
  An ufetubus (D:5)
  3 dart slugs
  3 orcs
  5 ball pythons
  9 endoplasms
  13 giant cockroaches
  9 goblins
  9 hobgoblins
  4 jackals (D:4)
  2 quokkas
  4 bats (D:1)
  4 frilled lizards
  11 kobolds
  9 rats
107 creatures vanquished.

Notes
Turn   | Place    | Note
-------+----------+-------------------------------------------
     0 | D:1      | Timinator the Demigod Transmuter began the quest for the
                  | Orb.
     0 | D:1      | Reached XP level 1. HP: 15/15 MP: 5/5
   388 | D:1      | You fall into a shaft and drop 1 floor!
   420 | D:2      | Reached skill level 1 in Fighting
   420 | D:2      | Reached XP level 2. HP: 21/23 MP: 5/7
  1018 | D:1      | Reached skill level 3 in Unarmed Combat
  1588 | D:2      | Reached XP level 3. HP: 27/28 MP: 8/8
  2134 | D:2      | Reached skill level 1 in Armour
  2134 | D:2      | Reached XP level 4. HP: 35/35 MP: 9/9
  2422 | D:3      | Learned a level 2 spell: Wereblood
  2603 | D:3      | Found a glowing drain.
  2625 | Sewer    | Entered a sewer
  2819 | Sewer    | Reached XP level 5. HP: 31/40 MP: 11/11
  2913 | Sewer    | Reached skill level 4 in Unarmed Combat
  3442 | D:4      | Reached XP level 6. HP: 38/48 MP: 10/12
  3849 | D:4      | Identified 3 scrolls of acquirement
  3849 | D:4      | Acquired the ring "Datajaet" {rF+ Dex+5}
  3911 | D:4      | Acquired 388 gold pieces
  3913 | D:4      | Acquired the ring "Reuwuust" {+Blink rCorr MP+9 Dex-3
                  | Stlth+}
  4350 | D:5      | Entered Level 5 of the Dungeon
  4424 | D:5      | Reached skill level 5 in Unarmed Combat
  4424 | D:5      | Reached XP level 7. HP: 32/56 MP: 13/13
  4523 | D:5      | HP: 1/84 [water moccasin (5)]
  4524 | D:5      | Succumbed to a water moccasin's poison

Illustrated notes

Levels and vault maps discovered:
D:1:      amcnicky_arrival_flooded_fountain, layout_basic, minmay_pentomino_t4
D:2:      layout_loops_corners, basic_altar, minmay_misc_feat_more_columns
D:3:      layout_rooms, gup_sewer_entry_glass
D:4:      layout_loops_ring
D:5:      layout_basic, temple_pool_b, minmay_fountain_box, grunt_decor_cap,
          nicolae_shop_dragon_depot

Skill      XL: |  1  2  3  4  5  6 |
---------------+-------------------+-----
Transmutations | 2 3 |  3.2
Fighting       | 1 2 |  2.6
Dodging        | 2 3 |  3.4
Unarmed Combat | 3 4 5 |  5.1
Spellcasting   | 2 |  2.2
Armour         | 1 2 |  2.0
Stealth        | |  0.3

Action                   |  1- 3 |  4- 6 |  7- 9 || total
-------------------------+-------+-------+-------++-------
Melee: Unarmed           |   157 |   314 |    22 ||   493
       Kick              |     9 |       |       ||     9
       Headbutt          |     3 |       |       ||     3
       Punch             |     3 |    15 |       ||    18
 Cast: Beastly Appendage |    12 |     1 |       ||    13
       Wereblood         |       |     4 |       ||     4
  Use: Potion            |       |     2 |     1 ||     3
       Scroll            |       |     4 |       ||     4
 Stab: Sleeping          |     1 |     1 |       ||     2
Armor: Robe              |    24 |       |       ||    24
       Leather armour    |     1 |       |       ||     1
       Troll leather arm |    13 |   100 |     5 ||   118
       Skin              |       |    20 |     2 ||    22
Dodge: Dodged            |    86 |   156 |     9 ||   251
